 Dungeon Crawl Stone Soup version 0.28-a0-1435-g82390b3a13 (webtiles) character file.

Game seed: 13651935524863232143

151 Gargoyl the Skirmisher (level 5, -1/46 (47) HPs)
             Began as a Gnoll Abyssal Knight on Jan 9, 2022.
             Was a Follower of Lugonu.
             Slain by a gnoll (3 damage)
             ... on level 5 of the Dungeon.
             The game lasted 00:02:42 (2560 turns).

Gargoyl the Skirmisher (Gnoll Abyssal Knight)       Turns: 2560, Time: 00:02:43

HP:   -1/46 (47)    AC:  6    Str: 14    XL:     5   Next: 33%
MP:   8/8           EV: 11    Int:  9    God:    Lugonu [*.....]
Gold: 118           SH:  0    Dex: 13    Spells: 6/6 levels left

rFire   . . .      SeeInvis .   a - +2 hand axe
rCold   . . .      Faith    .   (no shield)
rNeg    . . .      Spirit   .   d - +0 ring mail
rPois   .          Reflect  .   (no helmet)
rElec   .          Harm     .   (no cloak)
rCorr   .          Rampage  .   (no gloves)
Will    .....                   (no boots)
Stlth   +.........              (no amulet)
HPRegen 0.15/turn               (no ring)
MPRegen 0.11/turn               (no ring)

@: lightly drained
A: fangs 1, strong nose, distributed training
a: Renounce Religion, Depart the Abyss


You were on level 5 of the Dungeon.
You worshipped Lugonu.
Lugonu was aware of your devotion.
You visited 1 branch of the dungeon, and saw 5 of its levels.
You visited the Abyss 1 time.

You collected 118 gold pieces.

Inventory:

Hand Weapons
 a - a +2 hand axe (weapon)
Armour
 d - a +0 ring mail (worn)
Scrolls
 e - a scroll of identify


   Skills:
 + Level 6.7 Fighting
 + Level 1.4 Short Blades
 + Level 1.4 Long Blades
 + Level 4.8 Axes
 + Level 1.4 Maces & Flails
 + Level 1.4 Polearms
 + Level 1.4 Staves
 + Level 1.4 Slings
 + Level 1.4 Bows
 + Level 1.4 Crossbows
 + Level 1.4 Throwing
 + Level 4.8 Armour
 + Level 3.0 Dodging
 + Level 1.4 Stealth
 + Level 1.4 Shields
 + Level 1.4 Unarmed Combat
 + Level 1.4 Spellcasting
 + Level 1.1 Conjurations
 + Level 1.1 Hexes
 + Level 1.1 Summonings
 + Level 1.1 Necromancy
 + Level 1.1 Translocations
 + Level 1.1 Transmutations
 + Level 1.1 Fire Magic
 + Level 1.1 Ice Magic
 + Level 1.1 Air Magic
 + Level 1.1 Earth Magic
 + Level 1.1 Poison Magic
 + Level 4.8 Invocations
 + Level 1.4 Evocations


You had 6 spell levels left.
You didn't know any spells.
Your spell library contained the following spells:

 Spells                   Type           Power      Damage    Failure   Level
 Pain                     Necr           8%         1d4       38%         1
 Call Canine Familiar     Summ           2%         N/A       77%         3
 Portal Projectile        Hex/Tloc       4%         N/A       77%         3
 Leda's Liquefaction      Hex/Erth       1%         N/A       99%         4
 Agony                    Necr           2%         N/A       100%        5
 Excruciating Wounds      Necr           1%         N/A       100%        5


Dungeon Overview and Level Annotations

Branches:
Dungeon (5/15)
 Temple: D:4-7

Altars:
Ashenzari
Gozag

Annotations:
D:3 Grinder
D:4 Edmund


Innate Abilities, Weirdness & Mutations

You have very sharp teeth.
Your uncanny sense of smell can sniff out nearby items.
Your experience applies equally to all skills.


Message History

The gnoll hits you but does no damage.
The water moccasin bites you but does no damage.
The gnoll hits you but does no damage.
You slash the water moccasin! You bite the water moccasin.
The water moccasin is moderately wounded.
You feel very sick.
The water moccasin bites you but does no damage.
The water moccasin bites you. The gnoll barely misses you.
You miss the water moccasin.
The water moccasin is moderately wounded.
You feel sick. The water moccasin closely misses you.
The gnoll hits you from afar with a +0 spear.
You closely miss the water moccasin.
The water moccasin is moderately wounded.
You feel sick. The water moccasin misses you.
The gnoll hits you but does no damage. The water moccasin misses you.
You hit the water moccasin but do no damage.
The water moccasin is moderately wounded.
You feel sick. The water moccasin bites you.
* * * LOW HITPOINT WARNING * * *
The gnoll hits you but does no damage.
You hit the water moccasin. Your bite misses the water moccasin.
The water moccasin is moderately wounded.
You feel sick. The water moccasin closely misses you.
The gnoll hits you from afar with a +0 spear.
* * * LOW HITPOINT WARNING * * *
The water moccasin barely misses you.
You hit the water moccasin.
The water moccasin is heavily wounded.
You feel sick. The water moccasin closely misses you.
The gnoll closely misses you.
Unknown command.
You aren't carrying any potions.
You slash the water moccasin!
The water moccasin is severely wounded.
You feel sick.
You are no longer poisoned.
The water moccasin barely misses you.
The gnoll hits you from afar with a +0 spear.
You die...

### ### ##
#.####.# ## .#
#.....## .# .#
######.####.#
###g### ##.##.#
##Sgg..# ##.
##...###@###...#
#..# ##..#....##
....g
....####.####.###
.... .....#..##
#.## ..# #...##
#..## ∆ ##
###...###....# ∆
.##..........#..
.............###..
...####..<....#
...


You could see a water moccasin and 3 gnolls.

Vanquished Creatures
  A necrophage (D:4)
  2 adders (D:2)
  2 worms (D:2)
  A dart slug (D:1)
  5 bats
  2 endoplasms
  2 giant cockroaches
  7 goblins
  2 hobgoblins (D:1)
  8 kobolds
  3 quokkas
  5 ball pythons
  3 frilled lizards
  2 rats
45 creatures vanquished.

Notes
Turn   | Place    | Note
-------+----------+-------------------------------------------
     0 | Abyss:1  | Gargoyl the Gnoll Abyssal Knight began the quest for the
                  | Orb.
     0 | Abyss:1  | Reached XP level 1. HP: 23/23 MP: 3/3
    50 | D:1      | Escaped the Abyss
    89 | D:1      | Found a faded altar of an unknown god.
   467 | D:1      | Reached XP level 2. HP: 28/29 MP: 5/5
   581 | D:1      | Reached * piety under Lugonu
  1264 | D:2      | Reached XP level 3. HP: 35/35 MP: 6/6
  1595 | D:2      | Found an opulent altar of Gozag.
  1636 | D:2      | Reached skill level 1 in Short Blades
  1636 | D:2      | Reached skill level 1 in Long Blades
  1636 | D:2      | Reached skill level 1 in Maces & Flails
  1636 | D:2      | Reached skill level 1 in Polearms
  1636 | D:2      | Reached skill level 1 in Staves
  1636 | D:2      | Reached skill level 1 in Slings
  1636 | D:2      | Reached skill level 1 in Bows
  1636 | D:2      | Reached skill level 1 in Crossbows
  1636 | D:2      | Reached skill level 1 in Throwing
  1636 | D:2      | Reached skill level 1 in Stealth
  1636 | D:2      | Reached skill level 1 in Shields
  1636 | D:2      | Reached skill level 1 in Unarmed Combat
  1636 | D:2      | Reached skill level 1 in Spellcasting
  1636 | D:2      | Reached skill level 1 in Evocations
  1881 | D:2      | Reached XP level 4. HP: 41/41 MP: 7/7
  2013 | D:3      | Noticed Grinder
  2014 | D:3      | Paralysed by Grinder for 2 turns
  2136 | D:3      | Found a broken altar of Ashenzari.
  2172 | D:4      | Noticed a necrophage
  2191 | D:4      | Killed a necrophage
  2192 | D:4      | Reached skill level 1 in Conjurations
  2192 | D:4      | Reached skill level 1 in Hexes
  2192 | D:4      | Reached skill level 1 in Summonings
  2192 | D:4      | Reached skill level 1 in Necromancy
  2192 | D:4      | Reached skill level 1 in Translocations
  2192 | D:4      | Reached skill level 1 in Transmutations
  2192 | D:4      | Reached skill level 1 in Fire Magic
  2192 | D:4      | Reached skill level 1 in Ice Magic
  2192 | D:4      | Reached skill level 1 in Air Magic
  2192 | D:4      | Reached skill level 1 in Earth Magic
  2192 | D:4      | Reached skill level 1 in Poison Magic
  2192 | D:4      | Reached XP level 5. HP: 38/47 MP: 8/8
  2288 | D:4      | Noticed Edmund
  2328 | D:5      | Entered Level 5 of the Dungeon
  2542 | D:5      | Noticed a water moccasin
  2560 | D:5      | HP: 2/46 [poisoned by a water moccasin]
  2560 | D:5      | Slain by a gnoll

Illustrated notes

Levels and vault maps discovered:
D:1:      minmay_arrival_loop, layout_basic,
          chequers_ecumenical_altar_simple_redux, interstate_on_off, minivault_5
D:2:      layout_rooms, basic_altar, grunt_ministairs_1
D:3:      layout_rooms, mainiacjoe_overflow_brackets, uniq_grinder
D:4:      layout_loops_corners, lemuel_coloured_pillars_altar, serial_shops,
          shop_coins, minmay_misc_feat_secret_circle, uniq_edmund, uniq_ijyb
D:5:      layout_layer_cave, makhleb_heckhound_becter, uniq_menkaure

Skill      XL: |  1  2  3  4  5 |
---------------+----------------+-----
Short Blades   | 1 |  1.4
Long Blades    | 1 |  1.4
Maces & Flails | 1 |  1.4
Polearms       | 1 |  1.4
Staves         | 1 |  1.4
Slings         | 1 |  1.4
Bows           | 1 |  1.4
Crossbows      | 1 |  1.4
Throwing       | 1 |  1.4
Stealth        | 1 |  1.4
Shields        | 1 |  1.4
Unarmed Combat | 1 |  1.4
Spellcasting   | 1 |  1.4
Evocations     | 1 |  1.4
Conjurations   | 1 |  1.1
Hexes          | 1 |  1.1
Summonings     | 1 |  1.1
Necromancy     | 1 |  1.1
Translocations | 1 |  1.1
Transmutations | 1 |  1.1
Fire Magic     | 1 |  1.1
Ice Magic      | 1 |  1.1
Air Magic      | 1 |  1.1
Earth Magic    | 1 |  1.1
Poison Magic   | 1 |  1.1
Dodging        | 3 |  3.0
Fighting       | |  6.7
Axes           | |  4.8
Armour         | |  4.8
Invocations    | |  4.8

Action                   |  1- 3 |  4- 6 || total
-------------------------+-------+-------++-------
Melee: Hand axe          |    92 |    36 ||   128
       Bite              |     6 |     5 ||    11
       Punch             |     1 |       ||     1
Invok: Depart the Abyss  |     1 |       ||     1
  Use: Scroll            |     5 |     2 ||     7
Armor: Ring mail         |    55 |    14 ||    69
Dodge: Dodged            |    65 |    26 ||    91

Table legend: (Time is in decaauts)
 A = Elapsed time spent in this place.
 B = Non-inter-level travel time spent in this place.
 C = Inter-level travel time spent in this place.
 D = Time resting spent in this place.
 E = Time spent auto-exploring this place.
 F = Levels seen in this place.
 G = Mean time per level.
                   A        B        C        D        E       F      G
               +--------+--------+--------+--------+--------+-----+--------+
         Total |   2569 |   2543 |     26 |    255 |   1796 |   6 |  428.2 |
       Dungeon |   2519 |   2493 |     26 |    255 |   1748 |   5 |  503.8 |
         Abyss |     50 |     50 |      0 |      0 |     48 |   1 |   50.0 |
               +--------+--------+--------+--------+--------+-----+--------+

Top non-repeatable levels by time:
     D:1: 1210 daAuts
     D:2: 760 daAuts
     D:5: 232 daAuts
     D:4: 189 daAuts
     D:3: 126 daAuts
 Abyss:1: 50 daAuts
